 Dungeon Crawl Stone Soup version 0.31-a0-971-g75a2e9a4b4 (webtiles) character file.

Game seed: 17785291518063875890

107 timneilson the Ruffian (level 4, -1/34 HPs)
             Began as a Gnoll Shapeshifter on Oct 28, 2023.
             Blown up by Ijyb (19 damage)
             ... with a mindburst bolt
             ... on level 2 of the Dungeon.
             The game lasted 00:05:07 (1579 turns).

timneilson the Ruffian (Gnoll Shapeshifter)         Turns: 1579, Time: 00:05:08

Health: -1/34      AC:  8    Str: 16    XL:     4   Next: 85%
Magic:  5/5        EV:  8    Int:  9    God:
Gold:   79         SH:  0    Dex: 11    Spells: 5/5 levels left

rFire   . .          .
                       - Unarmed
rCold   . . .        (no shield)
rNeg    . . .        g - +0 chain mail
rPois   .            (helmet currently unavailable)
rElec   .            (cloak currently unavailable)
rCorr   .            (gloves currently unavailable)
SInv    .            (boots currently unavailable)
Will    .....        (no amulet) Stlth
                     (no ring)
HPRegen 0.25/turn    (no ring)
MPRegen 0.09/turn

%: no passive effects
@: beast-form
A: beast (slay +3), fangs 1, strong nose, distributed training
a: Begin Untransformation


You were on level 2 of the Dungeon.
You were a hulking beast.
You visited 1 branch of the dungeon, and saw 3 of its levels.

You collected 79 gold pieces.

Inventory:

Armour
 g - a +0 chain mail (worn)
Jewellery
 h - a ring of ice
Talismans
 c - a beast talisman
 d - a flux talisman
Scrolls
 e - a scroll of brand weapon
 j - a scroll of noise
Potions
 a - a potion of cancellation
 b - a potion of lignification
 k - a potion of mutation {unknown}
 l - a potion of might {unknown}


   Skills:
 + Level 2.8 Fighting
 + Level 1.2 Short Blades
 + Level 1.2 Long Blades
 + Level 1.2 Axes
 + Level 1.2 Maces & Flails
 + Level 1.2 Polearms
 + Level 1.2 Staves
 + Level 1.2 Ranged Weapons
 + Level 1.2 Throwing
 + Level 1.2 Armour
 + Level 4.7 Dodging
 + Level 1.2 Stealth
 + Level 1.2 Shields
 + Level 6.6 Unarmed Combat
 + Level 1.2 Spellcasting
 + Level 1.0 Conjurations
 + Level 1.0 Hexes
 + Level 1.0 Summonings
 + Level 1.0 Necromancy
 + Level 1.0 Translocations
 + Level 1.0 Transmutations
 + Level 1.0 Fire Magic
 + Level 1.0 Ice Magic
 + Level 1.0 Air Magic
 + Level 1.0 Earth Magic
 + Level 1.0 Poison Magic
 + Level 1.4 Invocations
 + Level 1.2 Evocations
 + Level 6.6 Shapeshifting


You had 5 spell levels left.
You didn't know any spells.
Your spell library contained the following spells:

 Spells                   Type           Power      Damage    Failure   Level
 Blink                    Tloc           4%         N/A       99%         2
 Lesser Beckoning         Tloc           4%         N/A       99%         2
 Momentum Strike          Conj/Tloc      4%         3d8       99%         2


Dungeon Overview and Level Annotations

Branches:
Dungeon (3/15)

Altars:
Kikubaaqudgha

Shops:
D:1 =   D:2 =

Annotations:
D:2 Ijyb
D:3 Robin


Innate Abilities, Weirdness & Mutations

You are a hulking beast.
Your limbs bulge with bestial killing power. (Slay +3)
You have very sharp teeth.
Your uncanny sense of smell can sniff out nearby items.
Your experience applies equally to all skills.


Message History

The hobgoblin hits you.
Robin roars a battlecry!
The goblins go into a battle-frenzy!
Ijyb hits you but does no damage.
You climb upwards.
There is a stone staircase leading down here.
You hit Ijyb.
Ijyb is lightly wounded.
The hobgoblin hits you. Ijyb barely misses you.
You closely miss Ijyb.
Ijyb is lightly wounded.
The hobgoblin hits you but does no damage.
You hit Ijyb.
Ijyb is moderately wounded.
Ijyb barely misses you.
Unknown command.
You hit Ijyb.
Ijyb is moderately wounded.
The hobgoblin hits you. Ijyb hits you with a +0 club.
You hit Ijyb.
Ijyb is heavily wounded.
The hobgoblin barely misses you. Ijyb hits you with a +0 club.
You barely miss Ijyb.
Ijyb is moderately wounded.
The hobgoblin barely misses you. Ijyb barely misses you.
You hit Ijyb.
Ijyb is heavily wounded.
The hobgoblin hits you but does no damage.
Ijyb zaps a wand.
Your mind is blasted!
Ouch! That really hurt!
* * * LOW HITPOINT WARNING * * *
You hit Ijyb.
Ijyb is heavily wounded.
The hobgoblin misses you. Ijyb closely misses you.
Unknown command.
You feel better.
The hobgoblin hits you but does no damage.
Ijyb zaps a wand.
Your mind is blasted!
Ouch! That really hurt!
You die...

....###.####.# #<#.#
....# #......# #.#.#
###.###.###### #.#.#
##...####### #.#.#
##........# #.#.#
########.#####.#.#
### #.........#
##.#############.###
###............ghg.#
.......#############
###...## ##.## ###


You could see Ijyb (strong) and a hobgoblin.

Vanquished Creatures
  Natasha (twice) (D:2)
  2 adders (D:2)
  A worm (D:2)
  3 ball pythons (D:2)
  6 bats
  5 endoplasms
  A giant cockroach (D:1)
  7 goblins
  3 hobgoblins
  2 kobolds (D:2)
  A frilled lizard (D:1)
  3 rats
36 creatures vanquished.

Notes
Turn   | Place    | Note
-------+----------+-------------------------------------------
     0 | D:1      | timneilson the Gnoll Shapeshifter began the quest for the
                  | Orb.
     0 | D:1      | Reached XP level 1. HP: 17/17 MP: 1/1
   109 | D:1      | Found Qegoes's Jewellery Shoppe.
   219 | D:1      | Reached XP level 2. HP: 20/23 MP: 2/2
   528 | D:1      | Found a faded altar of an unknown god.
   868 | D:2      | Reached XP level 3. HP: 27/28 MP: 2/4
   959 | D:2      | Reached skill level 1 in Invocations
   980 | D:2      | Found an ancient bone altar of Kikubaaqudgha.
  1017 | D:2      | Noticed Natasha
  1027 | D:2      | Killed Natasha
  1028 | D:2      | Reached skill level 1 in Short Blades
  1028 | D:2      | Reached skill level 1 in Long Blades
  1028 | D:2      | Reached skill level 1 in Axes
  1028 | D:2      | Reached skill level 1 in Maces & Flails
  1028 | D:2      | Reached skill level 1 in Polearms
  1028 | D:2      | Reached skill level 1 in Staves
  1028 | D:2      | Reached skill level 1 in Ranged Weapons
  1028 | D:2      | Reached skill level 1 in Throwing
  1028 | D:2      | Reached skill level 1 in Armour
  1028 | D:2      | Reached skill level 1 in Stealth
  1028 | D:2      | Reached skill level 1 in Shields
  1028 | D:2      | Reached skill level 1 in Spellcasting
  1028 | D:2      | Reached skill level 1 in Evocations
  1028 | D:2      | Reached XP level 4. HP: 16/34 MP: 5/5
  1212 | D:2      | Found Ebusook's Jewellery Shoppe.
  1248 | D:2      | Noticed Natasha
  1256 | D:2      | Killed Natasha
  1257 | D:2      | Reached skill level 1 in Conjurations
  1257 | D:2      | Reached skill level 1 in Hexes
  1257 | D:2      | Reached skill level 1 in Summonings
  1257 | D:2      | Reached skill level 1 in Necromancy
  1257 | D:2      | Reached skill level 1 in Translocations
  1257 | D:2      | Reached skill level 1 in Transmutations
  1257 | D:2      | Reached skill level 1 in Fire Magic
  1257 | D:2      | Reached skill level 1 in Ice Magic
  1257 | D:2      | Reached skill level 1 in Air Magic
  1257 | D:2      | Reached skill level 1 in Earth Magic
  1257 | D:2      | Reached skill level 1 in Poison Magic
  1557 | D:3      | Noticed Robin
  1562 | D:3      | Noticed Ijyb
  1579 | D:2      | Blown up by Ijyb

Illustrated notes

Levels and vault maps discovered:
D:1:      ncdulo_halloftheorcs, layout_basic, serial_shops,
          nicolae_shop_advertising_works [nicolae_subvault_shop_adworks],
          serial_forest, infiniplex_forest_clump_double,
          infiniplex_forest_split, infiniplex_forest_lined_2,
          infiniplex_forest_clump_diagonal, infiniplex_forest_clump_double,
          infiniplex_forest_corner_2, dilly_ecumenical_altar_fadedgnrine,
          minmay_misc_feat_x, nicolae_concentric_dashed_squares_mild
D:2:      layout_loops_ring, basic_altar, serial_shops,
          nicolae_shop_behind_doors, uniq_natasha
D:3:      layout_rooms, nicolae_goblin_pals, uniq_crazy_yiuf_cottage

Skill      XL: |  1  2  3  4 |
---------------+-------------+-----
Invocations    | 1 |  1.4
Short Blades   | 1 |  1.2
Long Blades    | 1 |  1.2
Axes           | 1 |  1.2
Maces & Flails | 1 |  1.2
Polearms       | 1 |  1.2
Staves         | 1 |  1.2
Ranged Weapons | 1 |  1.2
Throwing       | 1 |  1.2
Armour         | 1 |  1.2
Stealth        | 1 |  1.2
Shields        | 1 |  1.2
Spellcasting   | 1 |  1.2
Evocations     | 1 |  1.2
Conjurations   | 1 |  1.0
Hexes          | 1 |  1.0
Summonings     | 1 |  1.0
Necromancy     | 1 |  1.0
Translocations | 1 |  1.0
Transmutations | 1 |  1.0
Fire Magic     | 1 |  1.0
Ice Magic      | 1 |  1.0
Air Magic      | 1 |  1.0
Earth Magic    | 1 |  1.0
Poison Magic   | 1 |  1.0
Fighting       | |  2.8
Dodging        | |  4.7
Unarmed Combat | |  6.6
Shapeshifting  | |  6.6

Action                     |  1- 3 |  4- 6 || total
---------------------------+-------+-------++-------
  Melee: Unarmed           |    52 |    30 ||    82
         Bite              |     5 |     2 ||     7
         Punch             |     1 |     1 ||     2
    Use: Scroll            |     5 |     1 ||     6
         Potion            |       |     1 ||     1
 Armour: Chain mail        |    38 |    22 ||    60
         Animal skin       |     2 |       ||     2
  Dodge: Dodged            |    16 |    19 ||    35

Table legend: (Time is in decaauts)
 A = Elapsed time spent in this place.
 B = Non-inter-level travel time spent in this place.
 C = Inter-level travel time spent in this place.
 D = Time resting spent in this place.
 E = Time spent auto-exploring this place.
 F = Levels seen in this place.
 G = Mean time per level.
                   A        B        C        D        E       F      G
               +--------+--------+--------+--------+--------+-----+--------+
         Total |   1580 |   1536 |     44 |      0 |   1176 |   3 |  526.7 |
       Dungeon |   1580 |   1536 |     44 |      0 |   1176 |   3 |  526.7 |
               +--------+--------+--------+--------+--------+-----+--------+

Top non-repeatable levels by time:
     D:1: 816 daAuts
     D:2: 754 daAuts
     D:3: 9 daAuts
